cohdb
Replays
Latest Replays
All Replays
Popular Replays
Top Player Replays
Match Explorer
How It Works
Community
CoH3 Stats
Reddit
Sign in to upload your games and track your stats! →
Sign in with Steam
skill planes still be skillin
Match 41452873
Overview
Messages
Build Orders
End
Royal Engineer Section
Construct Section Command Post
Selects Canadian Shock Battlegroup
Dingo Light Scout Car
Infantry Section
ML 3-inch Mortar Team
Construct Field Infirmary
Selects Attacking Spirit
Infantry Section
Construct Platoon Command Post
Vickers Machine Gun Team
Selects Canadian Shock Section
Selects Incendiary Munitions
Construct Platoon Command Post
Humber Armored Car
6-pounder Anti-tank Gun Team
Selects Pyrotechnics
Infantry Section
Infantry Training
Construct Company Command Post
Foot Guards Section
Selects Churchill Crocodile Heavy Tank
Crusader II Medium Tank
6-pounder Anti-tank Gun Team
Churchill Crocodile Heavy Tank
Selects Smoke Operation
Smoke Operation
Crusader II Medium Tank
Grenade Package
Smoke Operation
Churchill Crocodile Heavy Tank
Skeng.Tecnica.International
nub
0
0
Comments
sign in to comment!
No comments posted yet!